 Dungeon Crawl Stone Soup version 0.31.0-12-g77e489cdc1 (webtiles) character file.

Game seed: 6878265077577754727

14 Silvore the Covered (level 2, -11/27 HPs)
             Began as a Minotaur Fighter on Mar 4, 2024.
             Mangled by a gnoll
             ... wielding a +0 halberd
              (14 damage)
             ... on level 2 of the Dungeon.
             The game lasted 00:00:11 (127 turns).

Silvore the Covered (Minotaur Fighter)               Turns: 127, Time: 00:00:11

Health: -11/27     AC:  7    Str: 20    XL:     2   Next: 27%
Magic:  1/1        EV:  9    Int:  5    God:
Gold:   5          SH:  4    Dex:  9    Spells: 1/1 levels left

rFire   . . .        a - +0 flail
rCold   . . .        c - +0 buckler
rNeg    . . .        b - +0 scale mail
rPois   .            (helmet restricted)
rElec   .            (no cloak)
rCorr   .            (no gloves)
SInv    .            (no boots)
Will    .....        (no amulet) Stlth
                     (no ring)
HPRegen 0.24/turn    (no ring)
MPRegen 0.07/turn

%: no passive effects
@: no status effects
A: horns 2, retaliatory headbutt
a: no special abilities


You were on level 2 of the Dungeon.
You visited 1 branch of the dungeon, and saw 2 of its levels.

You collected 5 gold pieces.

Inventory:

Hand Weapons
 a - a +0 flail (weapon)
Armour
 b - a +0 scale mail (worn)
 c - a +0 buckler (worn)
Scrolls
 e - a scroll of teleportation {unknown}
Potions
 d - a potion of might


   Skills:
 + Level 3.9 Fighting
 + Level 2.5 Maces & Flails
 + Level 4.0 Armour
 + Level 3.8 Shields


You had one spell level left.
You didn't know any spells.
Your spell library was empty.

Dungeon Overview and Level Annotations

Branches:
Dungeon (1/15)

Altars:


Innate Abilities, Weirdness & Mutations

You have a pair of horns on your head.
You reflexively headbutt those who attack you in melee.


Message History

You fall into a shaft and drop 1 floor!
The shaft crumbles and collapses.
e - a scroll labelled IGU POKUXUDGH A gnoll comes into view.
It is wielding a +0 halberd.
The gnoll shouts!
You hear a shout!
A gnoll comes into view.
It is wielding a +0 halberd and wearing a +2 leather armour of cold resistance.
The gnoll moves out of view.
A gnoll is nearby!
A gnoll comes into view. It is wielding a +0 sling.
The gnoll shouts! x2
A gnoll comes into view. It is wielding a +0 whip.
The gnoll shouts!
The gnoll closely misses you. The gnoll hits you but does no damage.
The gnoll closely misses you.
You barely miss the gnoll. You headbutt the gnoll.
The gnoll is heavily wounded.
An adder comes into view.
The gnoll closely misses you.
The gnoll unwields a +0 sling.
The gnoll wields a +0 spear.
The gnoll hits you with a +0 spear. The gnoll closely misses you.
The adder hisses angrily.
You thump the gnoll!
You kill the gnoll!
The gnoll barely misses you. The gnoll hits you with a +0 spear.
Your Armour skill increases to level 4!
You have reached level 2!
There are monsters nearby!
The gnoll completely misses you.
The gnoll unwields a +0 spear.
The gnoll wields a +0 sling.
The gnoll shoots a sling bullet.
The sling bullet barely misses you.
Unknown command.
The gnoll hits you with a +0 halberd.
The gnoll hits you from afar with a +0 halberd.
The gnoll attacks as it pursues you!
The gnoll hits you from afar with a +0 halberd!
* * * LOW HITPOINT WARNING * * *
The gnoll attacks as it pursues you!
The gnoll hits you from afar with a +0 halberd!
Ouch! That really hurt!
You die...

..#.# #.....#
#....### .....####
#.....### #$......#
#.#.#...# #.......#
#.###.# #gS.....#
#..##.# #.......#
#....########gg.....#
####................#
#........@.......#
#####.....########
#######


You could see 3 gnolls and an adder.

Vanquished Creatures
  A gnoll (D:2)
  A ball python (D:1)
  An endoplasm (D:1)
  A frilled lizard (D:1)
  A rat (D:1)
5 creatures vanquished.

Notes
Turn   | Place    | Note
-------+----------+-------------------------------------------
     0 | D:1      | Silvore the Minotaur Fighter began the quest for the Orb.
     0 | D:1      | Reached XP level 1. HP: 19/19 MP: 0/0
    99 | D:1      | You fall into a shaft and drop 1 floor!
   123 | D:2      | Reached skill level 4 in Armour
   123 | D:2      | Reached XP level 2. HP: 15/27 MP: 1/1
   127 | D:2      | Mangled by a gnoll

Illustrated notes

Levels and vault maps discovered:
D:1:      roderic_crossed_star, layout_loops_ring,
          dreamdust_ecumenical_altar_drowned_temple, serial_shops,
          nicolae_diamond_shop
D:2:      layout_rooms, minivault_4, st_stairs_11

Skill      XL: |  1 |
---------------+----+-----
Armour         | 4 |  4.0
Fighting       | |  3.9
Maces & Flails | |  2.5
Shields        | |  3.8

Action                     || total
---------------------------++-------
  Melee: Flail             ||     7
         Headbutt          ||     1
 Armour: Scale mail        ||     8
  Dodge: Dodged            ||     9
  Block: Buckler           ||     3
